 Dungeon Crawl Stone Soup version 0.22-a0-460-g49b1da7 (webtiles) character file.

9426 emperorscorpion the Blocker (level 11, -1/138 HPs)
             Began as a Minotaur Fighter on June 9, 2018.
             Was a Follower of Uskayaw.
             Splashed by an acid dragon's acid (9 damage)
             ... on level 11 of the Dungeon.
             The game lasted 00:16:57 (10354 turns).

emperorscorpion the Blocker (Minotaur Fighter)     Turns: 10354, Time: 00:16:58

Health: -1/138     AC:  4    Str: 27    XL:     11   Next: 22%
Magic:  14/14      EV: 14    Int:  5    God:    Uskayaw [*.....]
Gold:   613        SH: 16    Dex: 12    Spells: 10/10 levels left

rFire    . . .     SeeInvis .   a - +0 war axe
rCold    . . .     Gourm    .   c - +0 shield
rNeg     . . .     Faith    .   U - +0 scale mail
rPois    .         Spirit   .   (helmet restricted)
rElec    .         Reflect  +   G - +0 cloak
rCorr    .         Harm     .   I - +0 pair of gloves
MR       +....                  x - +0 pair of boots
Stlth    ..........             v - +3 amulet of reflection
HPRegen  0.33/turn              L - +2 ring of evasion
MPRegen  0.14/turn              w - ring of protection from magic

@: berserking (expiring), corroded, very quick
A: retaliatory headbutt, horns 2
a: Stomp, Renounce Religion


You were on level 11 of the Dungeon.
You worshipped Uskayaw.
Uskayaw was noncommittal.
You were not hungry.

You visited 2 branches of the dungeon, and saw 12 of its levels.

You collected 613 gold pieces.

Inventory:

Hand Weapons
 a - a +0 war axe (weapon)
 b - a +0 rapier
Missiles
 g - 81 poisoned needles
 y - 18 tomahawks (quivered)
 B - 38 bolts
 V - 3 poisoned tomahawks
 Z - 6 needles of paralysis
Armour
 c - a +0 shield (worn)
 x - a +0 pair of boots (worn)
 G - a +0 cloak (worn)
 I - a +0 pair of gloves (worn)
 U - a +0 scale mail (worn)
Magical Staves
 C - an uncursed staff of cold
Jewellery
 i - an uncursed ring of magical power
 v - a +3 amulet of reflection (around neck)
 w - a ring of protection from magic (right hand)
 z - an uncursed amulet of harm
 A - an uncursed ring of protection from magic
 D - an uncursed amulet of regeneration
 L - a +2 ring of evasion (left hand)
 M - an uncursed amulet of the gourmand
 R - an uncursed ring of resist corrosion
 S - a cursed amulet of inaccuracy {unknown}
 X - an uncursed ring of protection from magic
Wands
 q - a wand of acid (6)
 N - a wand of disintegration (17)
 O - a wand of digging (30)
 T - a wand of enslavement (13)
 W - a wand of polymorph (11)
Scrolls
 j - 8 scrolls of remove curse
 l - 5 scrolls of teleportation
 o - 4 scrolls of enchant armour
 p - 3 scrolls of magic mapping
 s - 4 scrolls of enchant weapon {unknown}
 u - 3 scrolls of amnesia {unknown}
 K - a scroll of fear {unknown}
 P - 6 scrolls of identify
 Q - a scroll of fog {unknown}
Potions
 d - 3 potions of might
 h - a potion of haste {unknown}
 k - 2 potions of curing
 m - 2 potions of heal wounds
 n - 2 potions of agility
 r - 2 potions of mutation
 t - a potion of degeneration {unknown}
 E - a potion of cancellation {unknown}
 F - a potion of brilliance {unknown}
 H - 2 potions of lignification {unknown}
 J - a potion of ambrosia {unknown}
Comestibles
 f - 17 rations


   Skills:
 + Level 7.3 Fighting
 - Level 9.7 Short Blades
 + Level 3.5 Axes
 + Level 0.2 Throwing
 + Level 8.3 Armour
 + Level 5.1 Dodging
 + Level 3.8 Stealth
 * Level 11.2 Shields
 * Level 5.9 Invocations
 + Level 0.2 Evocations


You had 10 spell levels left.
You didn't know any spells.
Your spell library contained the following spells:

 Spells                   Type           Power        Failure   Level  Hunger
 Apportation              Tloc           #.....       86%         1    ##.....
 Summon Small Mammal      Summ           #...         86%         1    ##.....
 Animate Skeleton         Necr           N/A          86%         1    ##.....
 Spider Form              Tmut/Pois      #.........   99%         3    ####...
 Blade Hands              Tmut           #.........   100%        5    ######.
 Ice Form                 Ice/Tmut       #.......     100%        4    #####..
 Confusing Touch          Hex            #.....       86%         1    ##.....
 Sticks to Snakes         Tmut           #.......     95%         2    ###....
 Beastly Appendage        Tmut           #.....       86%         1    ##.....


Dungeon Overview and Level Annotations

Branches:
Dungeon (11/15)            Temple (1/1) D:6            Lair (0/6) D:11
    Orc (0/2) D:10

Altars:
Ashenzari
Cheibriados
Dithmenos
Elyvilon
Fedhas
Gozag
Hepliaklqana
Kikubaaqudgha
Makhleb
Nemelex Xobeh
Okawaru
Qazlal
Ru
Sif Muna
Trog
Uskayaw
Vehumet
Wu Jian
Xom
Yredelemnul
Zin
The Shining One

Shops:
D:6 *   D:10 (

Annotations:
D:5 4thArraOfDagon's ghost, novice HOFi


Innate Abilities, Weirdness & Mutations

You reflexively headbutt those who attack you in melee.
You have a pair of horns on your head.


Message History

The acid dragon spits acid at you.
The splash of acid reflects off an invisible shield around you!
The splash of acid hits the acid dragon.
You hear a shout!
You barely miss the acid dragon.
The acid dragon is lightly wounded.
You block the acid dragon's attack. The acid dragon claws you.
* * * LOW HITPOINT WARNING * * *
You slash the acid dragon! Your headbutt misses the acid dragon.
The acid dragon is heavily wounded.
The acid dragon bites you!
* * * LOW HITPOINT WARNING * * *
You block the acid dragon's attack.
You slash the acid dragon! Your headbutt misses the acid dragon.
The acid dragon is severely wounded.
The acid dragon spits acid at you. The splash of acid hits you!
* * * LOW HITPOINT WARNING * * *
The acid corrodes you!
You are splashed with acid!
The acid burns!
You die...

#... ##...#########
'..T.........#
#............#
#(...........# .......
#......T.....# ...##.#
##..)##l##...# ...##.#
######D##...# ..# #.#
#....@.'....#
..###<######......#....#
...##.##......####.....#
...##.##..##..##...P..P..#
...##.##..##..#......PP.)P#
..........('......PPPPP.PP#
..##......##......PPP..PPP#
#'##>.....##...P.PPP..>(PP#
[.........#...#PPPPPP...PP#


You could see a komodo dragon, a troll and an acid dragon.

Vanquished Creatures
  2 two-headed ogres
  2 trolls
  A hornet (D:11)
  3 hippogriffs
  3 yaks (D:9)
  3 hungry ghosts
  A steam dragon (D:11)
  2 soldier ants (D:9)
  2 water moccasins
  5 orc warriors
  3 sky beasts
  An eye of draining (D:8)
  3 black bears
  5 ice beasts
  A phantom (D:6)
  10 ogres
  4 centaurs
  A crocodile (D:11)
  2 bullfrogs
  A big kobold (D:9)
  A gnoll sergeant (D:10)
  A wyvern zombie (D:11)
  The ghost of Tallim the Chopper, a weakling HOBe of Trog (D:3)
  2 scorpions
  4 killer bees
  4 wights (D:7)
  3 howler monkeys
  4 crimson imps
  A bullfrog skeleton (D:11)
  3 centaur skeletons
  2 centaur zombies
  3 jellies
  4 hounds
  2 orc priests
  A gnoll shaman (D:9)
  Terence (D:2)
  6 iguanas
  8 orc wizards
  6 worker ants
  A hound skeleton (D:4)
  10 gnolls
  8 adders
  A shadow imp (D:11)
  An ooze (D:5)
  An adder skeleton (D:7)
  4 worms
  A dart slug (D:2)
  6 leopard geckos
  43 orcs
  9 bats
  8 giant cockroaches
  6 goblins
  8 hobgoblins
  6 jackals
  4 quokkas
  3 frilled lizards
  15 kobolds
  2 leopard gecko skeletons
  9 rats
258 creatures vanquished.

Vanquished Creatures (others)
  A centaur (D:10)
  A rat (D:7)
  A plant (D:11)
3 creatures vanquished.

Grand Total: 261 creatures vanquished

Notes
Turn   | Place    | Note
-------+----------+-------------------------------------------
     0 | D:1      | emperorscorpion the Minotaur Fighter began the quest for the Orb.
     0 | D:1      | Reached XP level 1. HP: 19/19 MP: 0/0
    75 | D:1      | Reached XP level 2. HP: 26/27 MP: 1/1
   630 | D:1      | Reached skill level 4 in Shields
   630 | D:1      | Reached XP level 3. HP: 33/33 MP: 2/2
   794 | D:2      | Noticed Terence
   802 | D:2      | Killed Terence
   802 | D:2      | Reached skill level 1 in Dodging
   937 | D:2      | Found a faded altar of an unknown god.
  1125 | D:2      | Reached XP level 4. HP: 40/40 MP: 3/3
  1130 | D:2      | Found a shadowy altar of Dithmenos.
  1132 | D:2      | Found a shimmering altar of Xom.
  1132 | D:2      | Found a glowing golden altar of the Shining One.
  1134 | D:2      | Found a shimmering altar of Xom.
  1134 | D:2      | Found an opulent altar of Gozag.
  1134 | D:2      | Found a glowing golden altar of the Shining One.
  1192 | D:2      | Found a shadowy altar of Dithmenos.
  1269 | D:2      | Found an opulent altar of Gozag.
  1561 | D:3      | Found an iron altar of Okawaru.
  1644 | D:3      | Noticed Tallim's ghost (weakling HOBe)
  1692 | D:3      | Killed Tallim's ghost
  1692 | D:3      | Reached XP level 5. HP: 14/46 MP: 4/4
  2355 | D:3      | Found a burning altar of Makhleb.
  2645 | D:4      | Found a glowing silver altar of Zin.
  2704 | D:4      | Found a deep blue altar of Sif Muna.
  2780 | D:4      | Reached skill level 5 in Shields
  2882 | D:4      | Reached XP level 6. HP: 43/52 MP: 5/5
  3139 | D:4      | Reached skill level 5 in Armour
  3491 | D:5      | Entered Level 5 of the Dungeon
  3700 | D:5      | Noticed 4thArraOfDagon's ghost (novice HOFi)
  4440 | D:5      | Reached XP level 7. HP: 60/60 MP: 6/6
  4658 | D:4      | Found a glowing golden altar of the Shining One.
  4837 | D:5      | Reached skill level 5 in Short Blades
  4837 | D:5      | Reached skill level 6 in Shields
  5017 | D:6      | Reached skill level 5 in Fighting
  5070 | D:6      | Found Raaluf's General Store.
  5136 | D:6      | Found a staircase to the Ecumenical Temple.
  5171 | Temple   | Entered the Ecumenical Temple
  5360 | Temple   | Became a worshipper of Uskayaw the Reveler
  5392 | D:6      | Reached * piety under Uskayaw
  5394 | D:6      | Reached ** piety under Uskayaw
  5401 | D:6      | Reached *** piety under Uskayaw
  5462 | D:6      | Reached XP level 8. HP: 52/68 MP: 7/7
  5628 | D:6      | Found a blossoming altar of Fedhas.
  6172 | D:7      | Noticed a two-headed ogre
  6180 | D:7      | Killed a two-headed ogre
  6180 | D:7      | Reached skill level 1 in Stealth
  6180 | D:7      | Reached skill level 7 in Shields
  6310 | D:7      | Reached XP level 9. HP: 73/75 MP: 9/9
  6330 | D:7      | Reached **** piety under Uskayaw
  6336 | D:7      | Reached ***** piety under Uskayaw
  6526 | D:7      | Reached skill level 8 in Shields
  6570 | D:7      | Found a stormy altar of Qazlal.
  6587 | D:7      | Found a burning altar of Makhleb.
  6815 | D:9      | Reached skill level 9 in Shields
  6870 | D:8      | Found an ancient bone altar of Kikubaaqudgha.
  7069 | D:8      | Reached XP level 10. HP: 77/83 MP: 8/11
  7106 | D:8      | Reached ****** piety under Uskayaw
  7762 | D:9      | Reached skill level 10 in Shields
  8198 | D:9      | Found a sparkling altar of Nemelex Xobeh.
  8690 | D:10     | Entered Level 10 of the Dungeon
  8712 | D:10     | Found a white marble altar of Elyvilon.
  8719 | D:10     | Reached skill level 5 in Invocations
  8791 | D:10     | Found a staircase to the Orcish Mines.
  8872 | D:10     | Found Taczetz's Weapon Shoppe.
  9772 | D:11     | Reached skill level 1 in Axes
  9778 | D:11     | Reached XP level 11. HP: 60/92 MP: 14/14
  9944 | D:11     | Reached skill level 5 in Dodging
 10105 | D:11     | Noticed a two-headed ogre
 10113 | D:11     | Reached skill level 11 in Shields
 10119 | D:11     | Killed a two-headed ogre
 10326 | D:11     | Found a staircase to the Lair.
 10354 | D:11     | Splashed by an acid dragon's acid

Vault maps used:
D:1:      kennysheep_arrival_forest
D:2:      overflow_temple_1_default, nicolae_dithmenos_shadow_blocks,
          doesnt_xom_only_xom, chequers_ecumenical_altar_simple_redux,
          uniq_terence
D:3:      lemuel_round_altar, okawaru_metal_pillars_1_2
D:4:      lemuel_upstairs_altar, kennysheep_mini, led_sif_book,
          serial_bayou_pond_c, corner_web_ring
D:5:      first_ration, uniq_edmund
D:6:      fedhas_altar_2, minmay_temple_entry_butterflies,
          kennysheep_small_square
D:7:      grunt_qazlal_clouds, bloody_makhleb
D:8:      lemuel_crystal_altar
D:9:      hangedman_pestilent_swarm, st_stairs_1, minmay_misc_feat_chi,
          hangedman_decor_riveting, nemelex_lonely_heart_becter
D:10:     orc_david_3, basic_altar
D:11:     david_lair_shrubbed, st_stairs_14, stair_cage_line
Temple:   hc_temple_tempest_star

Skill      XL: |  1  2  3  4  5  6  7  8  9 10 11 |
---------------+----------------------------------+-----
Armour         | 4 5 6 7 8 |  8.3
Fighting       | 4 5 6 7 |  7.3
Shields        | 4 5 6 7 9 10 11 | 11.2
Dodging        | 1 2 3 4 5 |  5.1
Short Blades   | 3 4 6 7 8 9 |  9.7
Stealth        | 1 2 3 |  3.8
Invocations    | 2 3 5 |  5.9
Axes           | 1 3 |  3.5
Throwing       | |  0.2
Evocations     | |  0.2

Action                   |  1- 3 |  4- 6 |  7- 9 | 10-12 || total
-------------------------+-------+-------+-------+-------++-------
Melee: Rapier            |    98 |   241 |   316 |   246 ||   901
       Headbutt          |    11 |    42 |    66 |    79 ||   198
       War axe           |       |       |       |   111 ||   111
Throw: Tomahawk          |       |       |     2 |       ||     2
Evoke: Wand              |       |       |     2 |       ||     2
  Use: Scroll            |       |     2 |     5 |     2 ||     9
       Potion            |       |       |       |     1 ||     1
 Stab: Paralysed         |       |       |    14 |    20 ||    34
  Eat: Chunk             |     1 |     8 |    10 |     7 ||    26
       Ration            |       |     1 |       |     2 ||     3
Armor: Scale mail        |    45 |    65 |    89 |    68 ||   267
Dodge: Dodged            |    29 |    51 |    91 |   141 ||   312
Block: Shield            |    46 |   123 |   194 |   252 ||   615
       Reflection        |       |       |     3 |     8 ||    11

Table legend:
 A = Spawn XP
 B = Non-spawn XP
 C = Spawn XP percentage of total XP
 D = Spawn monster count
 E = Non-spawn monster count
 F = Spawn count percentage of total count
 G = Total turns spent on level
                    A         B        C        D         E        F      G
               +---------+---------+-------+---------+---------+-------+---------
         Total |       0 |   13466 |   0.0 |       0 |     259 |   0.0 | 10354
               +---------+---------+-------+---------+---------+-------+---------
           D:1 |       0 |      42 |   0.0 |       0 |      24 |   0.0 |   755
           D:2 |       0 |      88 |   0.0 |       0 |      20 |   0.0 |   806
           D:3 |       0 |     129 |   0.0 |       0 |      26 |   0.0 |  1007
           D:4 |       0 |     233 |   0.0 |       0 |      16 |   0.0 |  1150
           D:5 |       0 |     401 |   0.0 |       0 |      10 |   0.0 |  1208
           D:6 |       0 |     764 |   0.0 |       0 |      23 |   0.0 |  1037
           D:7 |       0 |    2847 |   0.0 |       0 |      26 |   0.0 |   827
           D:8 |       0 |    1846 |   0.0 |       0 |      29 |   0.0 |   595
           D:9 |       0 |    2297 |   0.0 |       0 |      37 |   0.0 |  1139
          D:10 |       0 |    1519 |   0.0 |       0 |      22 |   0.0 |  1025
          D:11 |       0 |    3300 |   0.0 |       0 |      26 |   0.0 |   599
               +---------+---------+-------+---------+---------+-------+---------
